 Dungeon Crawl Stone Soup version 0.26.1-11-gd32895ea62 (webtiles) character file.

Game seed: 1615937780761756530

37508 DildoBatman the Peltast (level 14, -2/99 HPs)
             Began as a Formicid Conjurer on July 20, 2021.
             Was an Initiate of Gozag.
             Slain by a wolf spider zombie (15 damage)
             ... on level 14 of the Dungeon.
             The game lasted 01:11:48 (15429 turns).

DildoBatman the Peltast (Formicid Conjurer)        Turns: 15429, Time: 01:11:49

Health: -2/99      AC:  7    Str: 12    XL:     14   Next: 29%
Magic:  25/25      EV: 13    Int: 19    God:    Gozag
Gold:   1903       SH: 18    Dex: 13    Spells: 6/28 levels left

rFire    . . .     SeeInvis +   a - +5 scythe "Finisher" {speed, eviscerate}
rCold    . . .     Faith    .   V - +0 tower shield
rNeg     . . .     Spirit   .   o - +0 troll leather armour
rPois    .         Reflect  .   (helmet unavailable)
rElec    .         Harm     .   w - +0 cloak
rCorr    .         Rampage  .   (no gloves)
Will     ++...                  H - +0 pair of boots
Stlth    ++........             m - amulet of magic regeneration
HPRegen  0.66/turn              h - ring of willpower
MPRegen  0.44/turn              A - ring of wizardry

@: no status effects
A: permanent stasis, dig shafts and tunnels, four strong arms, antennae 3
a: Dig, Shaft Self, Renounce Religion, Potion Petition, Call Merchant, Bribe
Branch


You were on level 14 of the Dungeon.
You worshipped Gozag.
Gozag was most pleased with you.
You visited 3 branches of the dungeon, and saw 18 of its levels.
You also visited: Sewer.

You collected 2476 gold pieces.
You paid 573 gold pieces to Gozag.

Inventory:

Hand Weapons
 a - the +5 scythe "Finisher" (weapon) {speed, eviscerate}
   (You found it on level 8 of the Dungeon)

   Attacks with this weapon are significantly faster.
 b - a +2 falchion of electrocution
 c - a +0 hunting sling
 d - a +2 scimitar of flaming
Missiles
 i - 122 sling bullets
 j - 294 arrows
 q - 130 bolts
 Z - 4 throwing nets
Armour
 o - a +0 troll leather armour (worn)
 w - a +0 cloak (worn)
 H - a +0 pair of boots (worn)
 V - a +0 tower shield (worn)
Jewellery
 h - a ring of willpower (left hand)
 m - an amulet of magic regeneration (around neck)
 n - an uncursed ring of resist corrosion
 A - a ring of wizardry (right hand)
 N - an uncursed ring of protection from cold
Wands
 e - a wand of acid (11)
 I - a wand of iceblast (18)
 L - a wand of flame (34)
 P - a wand of disintegration (7)
Scrolls
 k - 2 scrolls of blinking {unknown}
 l - 3 scrolls of amnesia
 r - a scroll of random uselessness {unknown}
 t - 2 scrolls of noise {unknown}
 x - 11 scrolls of remove curse
 y - 2 scrolls of fog {unknown}
 z - a scroll of identify
 C - 3 scrolls of magic mapping
 E - 3 scrolls of fear
 F - a scroll of enchant armour {unknown}
 G - 2 scrolls of enchant weapon {unknown}
Potions
 f - a potion of ambrosia {unknown}
 s - 2 potions of haste {unknown}
 D - a potion of mutation {unknown}
 J - 3 potions of flight
 K - 6 potions of brilliance
 M - 2 potions of attraction {unknown}
 R - 2 potions of cancellation {unknown}
 U - 2 potions of curing
 W - a potion of might {unknown}


   Skills:
 * Level 5.9 Fighting
 - Level 8.0 Polearms
 * Level 5.9 Armour
 * Level 3.9 Dodging
 - Level 2.4 Stealth
 - Level 15.0 Shields
 * Level 7.5 Spellcasting
 - Level 6.0 Conjurations
 - Level 9.0 Necromancy
 - Level 10.0 Ice Magic


You had 6 spell levels left.
You knew the following spells:

 Your Spells              Type           Power        Failure   Level
a - Searing Ray           Conj           58%          1%          2
b - Frozen Ramparts       Ice            90%          1%          3
c - Magic Dart            Conj           100%         1%          1
d - Vampiric Draining     Necr           20%          1%          3
e - Hailstorm             Conj/Ice       37%          1%          4
g - Ozocubu's Armour      Ice            45%          1%          3
h - Dispel Undead         Necr           41%          1%          4
z - Sublimation of Blood  Necr           20%          1%          2

Your spell library contained the following spells:

 Spells                   Type           Power        Failure   Level
 Animate Skeleton         Necr           82%          1%          1
 Freeze                   Ice            100%         1%          1
 Pain                     Necr           100%         1%          1
 Animate Dead             Necr           20%          1%          4
 Agony                    Necr           41%          3%          5
 Excruciating Wounds      Necr           20%          3%          5
 Sandblast                Erth           14%          4%          1
 Dazzling Flash           Conj/Hex       36%          4%          3
 Stone Arrow              Conj/Erth      36%          4%          3
 Summon Ice Beast         Ice/Summ       26%          6%          4
 Passwall                 Tmut/Erth      5%           8%          2
 Fulminant Prism          Conj/Hex       9%           14%         4
 Iskenderun's Mystic Bla  Conj/Tloc      18%          14%         4
 Confusing Touch          Hex            7%           16%         3
 Gell's Gravitas          Tloc           3%           16%         3
 Simulacrum               Ice/Necr       21%          16%         6
 Metabolic Englaciation   Hex/Ice        13%          17%         5
 Cause Fear               Hex            3%           43%         4
 Petrify                  Tmut/Erth      7%           43%         4
 Lee's Rapid Deconstruct  Erth           3%           77%         5
 Silence                  Hex/Air        3%           77%         5
 Yara's Violent Unravell  Hex/Tmut       3%           77%         5
 Haunt                    Necr/Summ      12%          99%         7
 Borgnjor's Revivificati  Necr           20%          100%        8
 Discord                  Hex            3%           100%        8
 Infestation              Necr           20%          100%        8
 Necromutation            Tmut/Necr      12%          100%        8
 Death's Door             Necr           20%          100%        9


Dungeon Overview and Level Annotations

Branches:
Dungeon (15/15)            Temple (1/1) D:4            Lair (0/6) D:10
    Orc (2/2) D:12            Elf (0/3) Orc:2        Depths (0/5) D:15
  Sewer (visited)
 Vaults: D:13-14

Altars:
Ashenzari
Cheibriados
Dithmenos
Elyvilon
Fedhas
Gozag
Hepliaklqana
Kikubaaqudgha
Makhleb
Nemelex Xobeh
Okawaru
Qazlal
Ru
Sif Muna
Trog
Uskayaw
Vehumet
Wu Jian
Xom
Zin
The Shining One
Beogh

Shops:
D:4 *   D:7 ==   D:9 *   D:13 ![   Orc:2 (([=!

Portals:
Bazaar: D:13
Gauntlet: D:15

Annotations:
D:5 exclusion: earth elemental
D:14 Azrael
Orc:1 exclusion: dancing weapon


Innate Abilities, Weirdness & Mutations

You cannot be hasted, slowed, berserked, paralysed or teleported.
You can dig through walls and to a lower floor.
Your four strong arms can wield two-handed weapons with a shield.
You have a pair of large antennae on your head. (SInv)


Message History

The fire elemental hits you. The fire elemental burns you!
The fire elemental closely misses you. The hell hound barely misses you.
Azrael closely misses you. You block the hell hound's attack.
The fire elemental barely misses you. The fire elemental hits you.
The fire elemental burns you! You block the hell hound's attack. x2
The fire elemental hits you. The fire elemental burns you!
Azrael hits you with a +3 scimitar of flaming!
Azrael burns you. The fire elemental hits you. The fire elemental burns you!
You climb downwards.
The wolf spider zombie hits you!
You die...
Your body crumbles into a pile of gold.

,,,,,,* **,,,,* *,,,,,*,,****
,,,,,,* ***,** *$,,,,,,**,,,
,,,,,,*** *** **{,,,***,,,,
,,......* **,,** **,,* ,.......*
**,* *,,** ........#
#########*******,**
......Z.#######.......#*,,,,*,,,,
.........##....EE.....##,,,,,,*,,
.........##.....@Z.....#,,,,,,*,,
..........#....hRh......,**,,,,,,
........................,**,,,,,,
....(..........#........***,,,,,,
##.............##.......,**,,,,>*
...............#*Z......,,,,,,,,*
...............#,.......,,,,,,,,,
...........###..........,,,,,,,,,
...>...###...###..,,,**,,,,,,,,,,


You could see Azrael, 2 fire elementals, 2 hell hounds, a wolf spider zombie and
a centaur warrior zombie.

Vanquished Creatures
  Frances (D:12)
  An orc warlord (Orc:2)
  Snorg (D:13)
  Josephine (D:11)
  Harold (D:7)
  A boulder beetle (Orc:2)
  Erica (D:8)
  8 two-headed ogres
  An orc high priest (Orc:2)
  Sonja (D:10)
  3 skeletal warriors (D:12)
  2 orc knights
  5 orc sorcerers
  An ugly thing (D:11)
  A manticore (D:12)
  A cyclops (D:12)
  A gargoyle (D:11)
  A kobold demonologist (D:11)
  Maggie (D:7)
  3 orc skeletons (Orc:2)
  9 trolls
  Grinder (D:4)
  12 slime creatures
  A wyvern (D:13)
  10 wraiths
  9 yaks
  4 vampire mosquitoes
  Menkaure (D:4)
  6 wargs
  Edmund (D:5)
  A soldier ant (D:11)
  A water moccasin (D:8)
  6 sky beasts
  A hornet zombie (D:6)
  2 ice beasts
  A necrophage (D:8)
  26 orc warriors
  4 phantoms
  16 ogres
  8 centaurs
  3 big kobolds
  14 bullfrogs
  2 gnoll sergeants
  A wyvern zombie (D:6)
  A water moccasin zombie (D:7)
  3 scorpions
  9 wights
  A howler monkey (D:3)
  A centaur zombie (D:11)
  4 hounds
  A quasit (D:10)
  22 orc priests
  Crazy Yiuf (D:4)
  A bullfrog skeleton (D:5)
  A jelly (D:8)
  2 centaur skeletons
  2 iguanas
  26 orc wizards
  6 worker ants
  2 hound skeletons
  Robin (D:4)
  A worker ant zombie (D:10)
  A howler monkey skeleton (D:6)
  15 adders
  20 gnolls
  5 orc zombies (Orc:1)
  3 river rats (D:4)
  3 shadow imps
  2 white imps (D:5)
  2 ufetubi
  An ooze (D:3)
  5 worms
  3 dart slugs (D:2)
  5 leopard geckos
  116 orcs
  4 bats
  7 giant cockroaches
  18 goblins
  11 hobgoblins
  4 jackals (D:2)
  11 quokkas
  5 ball pythons
  A ball python skeleton (D:6)
  14 frilled lizards
  A hobgoblin skeleton (D:15)
  18 kobolds
  A quokka skeleton (D:9)
  14 rats
551 creatures vanquished.

Vanquished Creatures (others)
  4 plants (D:10)
4 creatures vanquished.

Grand Total: 555 creatures vanquished

Notes
Turn   | Place    | Note
-------+----------+-------------------------------------------
     0 | D:1      | DildoBatman the Formicid Conjurer began the quest for the
                  | Orb.
     0 | D:1      | Reached XP level 1. HP: 13/13 MP: 3/3
   234 | D:1      | Reached XP level 2. HP: 16/19 MP: 0/5
   237 | D:1      | Learned a level 2 spell: Searing Ray
   929 | D:2      | Reached XP level 3. HP: 24/24 MP: 2/6
  1275 | D:2      | Reached XP level 4. HP: 14/30 MP: 0/7
  1475 | D:2      | Reached skill level 5 in Conjurations
  2052 | D:3      | Reached XP level 5. HP: 7/35 MP: 0/8
  2776 | D:3      | Reached skill level 1 in Fighting
  2776 | D:3      | Reached skill level 1 in Armour
  2776 | D:3      | Reached XP level 6. HP: 43/43 MP: 4/9
  3106 | D:3      | Found a sparkling altar of Nemelex Xobeh.
  3323 | D:4      | Found a staircase to the Ecumenical Temple.
  3327 | Temple   | Entered the Ecumenical Temple
  3370 | Temple   | Became a worshipper of Kikubaaqudgha
  3428 | D:4      | Noticed Grinder
  3456 | D:4      | Killed Grinder
  3457 | D:4      | Reached XP level 7. HP: 43/50 MP: 2/14
  3539 | D:4      | Found a glowing drain.
  3544 | D:4      | Reached skill level 5 in Spellcasting
  3549 | Sewer    | Entered a sewer
  3688 | Sewer    | Reached * piety under Kikubaaqudgha
  3688 | Sewer    | Identified Kikubaaqudgha's Handbook of Stolen Souls
                  | (Kikubaaqudgha gifted it to you in a sewer)
  3688 | Sewer    | Received a gift from Kikubaaqudgha
  4162 | D:4      | Reached XP level 8. HP: 56/56 MP: 9/17
  4225 | D:4      | Learned a level 2 spell: Sublimation of Blood
  4229 | D:4      | Learned a level 3 spell: Vampiric Draining
  4315 | D:4      | Found a broken altar of Ashenzari.
  4315 | D:4      | Found a hide-covered altar of Uskayaw.
  4442 | D:4      | Found Qeogurih's General Store.
  4568 | D:4      | Noticed Menkaure
  4584 | D:4      | Killed Menkaure
  4655 | D:4      | Noticed Robin
  4667 | D:4      | Killed Robin
  4733 | D:4      | Found a runed translucent door.
  4734 | D:4      | Noticed Crazy Yiuf
  4757 | D:4      | Killed Crazy Yiuf
  4997 | D:5      | Entered Level 5 of the Dungeon
  5058 | D:5      | Noticed Edmund
  5073 | D:5      | Reached skill level 1 in Shields
  5123 | D:5      | Killed Edmund
  5124 | D:5      | Reached skill level 2 in Shields
  5124 | D:5      | Reached XP level 9. HP: 42/61 MP: 0/19
  5187 | D:5      | Reached skill level 3 in Shields
  5197 | D:5      | Found a bloodstained altar of Trog.
  5224 | D:5      | Learned a level 3 spell: Frozen Ramparts
  5228 | D:5      | Learned a level 3 spell: Ozocubu's Armour
  5270 | D:5      | Reached skill level 5 in Necromancy
  5270 | D:5      | Reached skill level 1 in Ice Magic
  5554 | D:5      | Found a stormy altar of Qazlal.
  5859 | D:6      | Reached ** piety under Kikubaaqudgha
  6383 | D:7      | Found Urobb's Jewellery Boutique.
  6719 | D:7      | You fall into a shaft and drop 2 floors!
  6871 | D:9      | Noticed a two-headed ogre
  6884 | D:9      | Noticed a two-headed ogre
  6976 | D:9      | Reached skill level 5 in Ice Magic
  6976 | D:9      | Reached XP level 10. HP: 67/67 MP: 11/20
  7179 | D:7      | Found Notud Zae's Jewellery Boutique.
  7248 | D:7      | Noticed Harold
  7453 | D:8      | Noticed Erica
  7527 | D:8      | Noticed Maggie
  7547 | D:7      | Killed Maggie
  7904 | D:8      | Killed Erica
  7904 | D:8      | Reached *** piety under Kikubaaqudgha
  7904 | D:8      | Identified Kikubaaqudgha's Incunabulum of Black Arts
                  | (Kikubaaqudgha gifted it to you on level 8 of the Dungeon)
  7904 | D:8      | Received a gift from Kikubaaqudgha
  7920 | D:8      | Learned a level 4 spell: Dispel Undead
  7925 | D:8      | Learned a level 4 spell: Hailstorm
  7948 | D:8      | Found an opulent altar of Gozag.
  7961 | D:8      | Found a snail-covered altar of Cheibriados.
  7961 | D:8      | Found a white marble altar of Elyvilon.
  7962 | D:8      | Found an iron altar of Okawaru.
  8021 | D:8      | Found the +5 scythe "Finisher" {speed, eviscerate}
  8172 | D:9      | Reached XP level 11. HP: 72/72 MP: 12/21
  8175 | D:9      | Reached skill level 1 in Polearms
  8317 | D:9      | Killed a two-headed ogre
  8459 | D:9      | Found Mexiergh's General Store.
  8678 | D:9      | Killed a two-headed ogre
  8819 | D:10     | Entered Level 10 of the Dungeon
  8848 | D:10     | Reached skill level 5 in Polearms
  8874 | D:10     | Reached skill level 10 in Ice Magic
  8904 | D:10     | Found a staircase to the Lair.
  8980 | D:10     | Reached **** piety under Kikubaaqudgha
  9312 | D:10     | Noticed Sonja
  9316 | D:10     | Killed Sonja
  9769 | D:11     | Noticed a two-headed ogre
  9777 | D:11     | Killed a two-headed ogre
  9777 | D:11     | Reached ***** piety under Kikubaaqudgha
  9778 | D:11     | Reached XP level 12. HP: 43/80 MP: 6/22
 10070 | D:11     | Noticed Josephine
 10090 | D:11     | Killed Josephine
 10299 | D:11     | Noticed a two-headed ogre
 10306 | D:11     | Killed a two-headed ogre
 10307 | D:11     | Reached skill level 5 in Fighting
 10307 | D:11     | Reached skill level 5 in Armour
 10466 | D:11     | Noticed a two-headed ogre
 10472 | D:11     | Reached skill level 4 in Shields
 10473 | D:11     | Killed a two-headed ogre
 10474 | D:11     | Reached skill level 5 in Shields
 10856 | D:7      | Killed Harold
 10857 | D:7      | Reached skill level 6 in Shields
 11042 | D:12     | Reached skill level 7 in Shields
 11088 | D:12     | Reached skill level 8 in Shields
 11151 | D:12     | Noticed a two-headed ogre
 11158 | D:12     | Killed a two-headed ogre
 11186 | D:12     | Noticed Frances
 11288 | D:12     | Reached skill level 9 in Shields
 11298 | D:12     | Noticed a skeletal warrior
 11313 | D:12     | Killed a skeletal warrior
 11314 | D:12     | Reached XP level 13. HP: 62/91 MP: 3/23
 11388 | D:12     | Reached skill level 10 in Shields
 11393 | D:12     | HP: 4/91 [poisoned by a skeletal warrior]
 11398 | D:12     | HP: 3/91 [poisoned by a skeletal warrior]
 11404 | D:12     | HP: 3/91 [poisoned by a skeletal warrior]
 11522 | D:12     | Found a staircase to the Orcish Mines.
 11787 | D:12     | Reached skill level 11 in Shields
 12082 | D:12     | Reached skill level 12 in Shields
 12154 | D:12     | Killed Frances
 12450 | Orc:1    | Entered Level 1 of the Orcish Mines
 12517 | D:12     | Reached skill level 13 in Shields
 13223 | Orc:2    | Entered Level 2 of the Orcish Mines
 13248 | Orc:2    | Noticed a boulder beetle
 13316 | Orc:2    | Found a roughly hewn altar of Beogh.
 13324 | Orc:2    | Reached ****** piety under Kikubaaqudgha
 13353 | Orc:2    | Found a staircase to the Elven Halls.
 13376 | Orc:2    | Found Fujolooro's Jewellery Shop.
 13391 | Orc:1    | Received a gift from Kikubaaqudgha
 13393 | Orc:1    | Fell from the grace of Kikubaaqudgha
 13493 | D:8      | Became a worshipper of Gozag Ym Sagoz the Greedy
 13662 | Orc:2    | Found Lief's Weapon Emporium.
 13778 | Orc:2    | Reached skill level 14 in Shields
 13834 | Orc:2    | Killed a boulder beetle
 14244 | Orc:2    | Reached XP level 14. HP: 84/98 MP: 21/24
 14265 | Orc:2    | Noticed an orc warlord
 14288 | Orc:2    | Killed an orc warlord
 14289 | Orc:2    | Reached skill level 15 in Shields
 14445 | Orc:2    | Found a roughly hewn altar of Beogh.
 14548 | Orc:2    | Found a roughly hewn altar of Beogh.
 14553 | Orc:2    | Found Dafie's Distillery.
 14819 | Orc:2    | Found Asuv Ufatha's Antique Weapon Shop.
 14820 | Orc:2    | Found a roughly hewn altar of Beogh.
 14823 | Orc:2    | Found Ynofur's Antique Armour Boutique.
 15150 | D:13     | Found Ovacuz's Antique Armour Shop.
 15150 | D:13     | Noticed Snorg
 15168 | D:13     | Killed Snorg
 15192 | D:13     | Found Oqozius's Distillery.
 15226 | D:13     | Noticed Azrael
 15346 | D:13     | Found a flickering gateway to a bazaar.
 15370 | D:13     | You fall into a shaft and drop 2 floors!
 15370 | D:15     | Entered Level 15 of the Dungeon
 15377 | D:15     | Found a gate leading to a gauntlet.
 15429 | D:14     | Slain by a wolf spider zombie

Illustrated notes

Levels and vault maps discovered:
D:1:      minmay_arrival_three_doors, layout_rooms
D:2:      kennysheep_the_goblin_king, layout_loops_ring, minmay_vboxes
D:3:      layout_basic, nrook_mini_backslash, nemelex_dance_club_becter
D:4:      layout_loops_ring, gammafunk_temple_overflow_pools, temple_statues,
          serial_shops, nicolae_shop_stone, lightli_sewer_entry_pipes,
          uniq_robin, uniq_grinder, uniq_crazy_yiuf_cottage, uniq_menkaure
D:5:      cheibrodos_helix_gallery, layout_basic,
          nicolae_qazlal_style_of_elements, lemuel_doored_altar, uniq_edmund
D:6:      layout_loops_ring
D:7:      layout_rooms, serial_shops, shop, shop, uniq_harold
D:8:      layout_rooms, chequers_temple_overflow_statue_of_worship,
          minmay_guarded_unrand_finisher, uniq_erica, uniq_maggie
D:9:      layout_loops_cross, serial_shops, nicolae_shop_crystal, st_stairs_1,
          chequers_serial_rivers_micro_b
D:10:     layout_irregular_city, erik_lair_orcish_takeover, minmay_between,
          uniq_sonja
D:11:     layout_stronghold, uniq_josephine
D:12:     layout_roguey, erik_orc_4, uniq_frances
D:13:     layout_long_grid, skrybe_vaults_entry_preservation, serial_shops,
          bzr_entry_road, nicolae_shop_trees, nicolae_shop_trees,
          nicolae_shop_overgrown_old_shop, shop, nicolae_trove_entry_columns,
          uniq_erolcha, uniq_snorg, uniq_azrael
D:14:     lemuel_ogre_cave, layout_cave_pools, uniq_roxanne
D:15:     hangedman_depths_entry_try_elsewhere_first, layout_gridville,
          serial_shops, shop, gauntlet_entry_generic, tso_metal_star
Temple:   eino_narrow_crystal_temple
Orc:1:    layout_caves, sword_in_stone
Orc:2:    grunt_orc_community_town_hall, layout_caves,
          grunt_orc_community_big_house_2, grunt_orc_community_big_house_1,
          grunt_orc_community_house_2, grunt_orc_community_house_3,
          grunt_orc_community_house_2, grunt_orc_community_house_3,
          grunt_orc_community_house_1, grunt_orc_community_house_3,
          serial_shops, nicolae_shop_crystal, rock_pile

Skill      XL: |  1  2  3  4  5  6  7  8  9 10 11 12 13 14 |
---------------+-------------------------------------------+-----
Conjurations   | 4 5 6 |  6.0
Fighting       | 1 2 5 |  5.9
Armour         | 1 2 5 |  5.9
Spellcasting   | 4 6 7 |  7.5
Necromancy     | 4 7 9 |  9.0
Shields        | 2 3 9 14 15 | 15.0
Ice Magic      | 5 8 10 | 10.0
Polearms       | 7 8 |  8.0
Dodging        | 2 3 |  3.9
Stealth        | |  2.4

Action                   |  1- 3 |  4- 6 |  7- 9 | 10-12 | 13-15 || total
-------------------------+-------+-------+-------+-------+-------++-------
Melee: Unarmed           |    10 |       |       |    14 |       ||    24
       Short sword       |    35 |    13 |    39 |    22 |       ||   109
       Mace              |       |    14 |       |       |       ||    14
       Scythe            |       |       |       |   203 |   344 ||   547
 Cast: Magic Dart        |    15 |     3 |    24 |    26 |     4 ||    72
       Searing Ray       |    15 |    42 |    71 |    71 |    17 ||   216
       Sublimation of Bl |       |       |     9 |    11 |     6 ||    26
       Frozen Ramparts   |       |       |     2 |    36 |    62 ||   100
       Hailstorm         |       |       |       |     2 |       ||     2
       Ozocubu's Armour  |       |       |       |    23 |    42 ||    65
       Vampiric Draining |       |       |       |     8 |    61 ||    69
       Dispel Undead     |       |       |       |     9 |     6 ||    15
Invok: Receive Necronomi |       |       |       |       |     1 ||     1
       Renounce Religion |       |       |       |       |     1 ||     1
 Abil: Dig               |     5 |     7 |    19 |    24 |    31 ||    86
  Use: Scroll            |       |     3 |       |     3 |    12 ||    18
       Potion            |       |       |       |       |     4 ||     4
 Stab: Sleeping          |     1 |       |       |     3 |       ||     4
       Distracted        |       |       |       |     1 |       ||     1
Armor: Robe              |    19 |     8 |    18 |     1 |       ||    46
       Steam dragon scal |       |       |       |    31 |       ||    31
       Troll leather arm |       |       |       |    29 |    70 ||    99
Dodge: Dodged            |    64 |    46 |    68 |   151 |   116 ||   445
Block: Other             |       |     5 |     4 |       |       ||     9
       Buckler           |       |       |     8 |    57 |    14 ||    79
       Tower shield      |       |       |       |       |   265 ||   265
